 Dungeon Crawl Stone Soup version 0.29.1-15-g9cfb28693d (webtiles) character file.

Game seed: 3339391110064182675

2 H0rd4k the Charlatan (level 1, -2/13 HPs)
             Began as an Octopode Artificer on Mar 27, 2023.
             Frozen to death by an endoplasm (5 damage)
             ... on level 1 of the Dungeon.
             The game lasted 00:00:08 (41 turns).

H0rd4k the Charlatan (Octopode Artificer)             Turns: 41, Time: 00:00:09

Health: -2/13      AC:  1    Str: 11    XL:     1   Next: 40%
Magic:  1/1        EV: 10    Int: 13    God:
Gold:   0          SH:  0    Dex: 12    Spells: 0/0 levels left

rFire   . . .      SeeInvis .   (no weapon)
rCold   . . .      Faith    .   (no shield)
rNeg    . . .      Spirit   .   (helmet restricted)
rPois   .          Reflect  .   (no amulet)
rElec   .          Harm     .   (no ring)
rCorr   .          Rampage  .   (no ring)
Will    .....                   (no ring)
Stlth   +++.......              (no ring)
HPRegen 0.04/turn               (no ring)
MPRegen 0.07/turn               (no ring)
                                (no ring)
                                (no ring)

@: constricted
A: almost no armour, amphibious, 8 rings, camouflage 1, gelatinous body 1,
(nimble swimmer 1), tentacles
a: no special abilities


You were on level 1 of the Dungeon.
You visited 1 branch of the dungeon, and saw 1 of its levels.

Inventory:

Wands
 b - a wand of flame (15) (quivered)
 c - a wand of charming (15)
 d - a wand of iceblast (5)


   Skills:
 * Level 1.2 Fighting
 - Level 2.3 Dodging
 - Level 1.3 Stealth
 * Level 0.3 Spellcasting
 - Level 3.2 Evocations


You couldn't memorise any spells.
You didn't know any spells.
Your spell library was empty.

Dungeon Overview and Level Annotations

Branches:
Dungeon (1/15)

Altars:
Lugonu

Portals:
Abyss: D:1

Annotations:
D:1 2 runed translucent doors


Innate Abilities, Weirdness & Mutations

You cannot wear most types of armour.
You are amphibious.
You can wear up to eight rings at the same time.
Your skin changes colour to match your surroundings (Stealth+).
Your rubbery body absorbs attacks. (AC +1, EV +1)
((You are camouflaged when in or above water. (Stealth+)))
You have tentacles for arms and can constrict up to eight enemies at once.


Message History

The ball python barely misses you. The ball python misses you.
You tentacle-slap the ball python.
You kill the ball python!
The endoplasm quivers.
You tentacle-slap the endoplasm but do no damage.
You squeeze the endoplasm.
You kill the endoplasm!
An endoplasm, a ball python and a hobgoblin come into view.
Found a corrupted altar of Lugonu.
Found a large runed translucent door.
There are monsters nearby!
There are monsters nearby!
The ufetubus shouts!
Found 9 gold pieces.
Found a one-way gate to the infinite horrors of the Abyss.
The ufetubus shouts!
The goblin shouts!
The ufetubus shouts!
The iron imp laughs crazily.
The hobgoblin shouts!
The endoplasm quivers.
The endoplasm hits you.
You closely miss the ball python.
The shadow imp shouts!
The goblin shouts!
The iron imp shouts, "Leave, thou peeagling weevil-witted gonus!"
The shadow imp shouts!
The iron imp shouts, "Crawl home, thou ducking spur-galled dandiprat!"
You grab the ball python.
You squeeze the ball python, but do no damage.
You constrict the ball python.
You hear a shout!
The ball python bites you. The ball python grabs you.
The ball python constricts you. The ball python bites you.
The ball python constricts you.
* * * LOW HITPOINT WARNING * * *
The endoplasm closely misses you.
You hear a shout!
You tentacle-slap the endoplasm but do no damage.
You constrict the ball python. The ball python barely misses you.
The ball python constricts you. The endoplasm freezes you.
You are frozen.
You die...

######################
.#......##............
....#....#...#..#####
#....##....##..## #
....#.#...#...##### ..#
#...#.........8.#$#555.#
..#..##.##......@J+Bg5g#
..##............S.+5w5.#
(....)##.....g8.#$#55..#
.#...#..#.....##### 5..#
..#..##...#.... ..#
#..#...#...#... ##
#..##.......#..
.#..#...#.#.#. ...#....#


You could see 4 iron imps, a white imp, 2 shadow imps, a dart slug, 2 ufetubi,
an endoplasm, a giant cockroach, a hobgoblin, 2 goblins and a ball python.

Vanquished Creatures
  A ball python (D:1)
  An endoplasm (D:1)
2 creatures vanquished.

Notes
Turn   | Place    | Note
-------+----------+-------------------------------------------
     0 | D:1      | H0rd4k the Octopode Artificer began the quest for the Orb.
     0 | D:1      | Reached XP level 1. HP: 13/13 MP: 1/1
    35 | D:1      | Found a large runed translucent door.
    35 | D:1      | Found a large runed translucent door.
    35 | D:1      | Found a corrupted altar of Lugonu.
    37 | D:1      | Found a one-way gate to the infinite horrors of the Abyss.
    37 | D:1      | Noticed an iron imp
    37 | D:1      | Noticed an iron imp
    37 | D:1      | Noticed an iron imp
    38 | D:1      | Noticed an iron imp
    41 | D:1      | Frozen to death by an endoplasm

Illustrated notes

Levels and vault maps discovered:
D:1:      erik_arrival_cave_to_civilisation [erik_arrival_cave_to_temple],
          layout_basic, shapermc_ecumenical_altar_venn, minmay_tiny_reverse_x

Action                   || total
-------------------------++-------
Melee: Unarmed           ||     5
       Tentacles         ||     2
       Constrict         ||     1
 Stab: Sleeping          ||     1
Dodge: Dodged            ||     4
